[ AOE2 MATCH · #471276137 ]
UnrankedBohemians vs Georgians
[ REPLAY ANALYSIS · EXTRACTED FROM THE RECORDED GAME ]
Feudal
11:50
Castle
—
Imperial
—
| APM avg | 30.0 |
| APM peak | 54 |
| eAPM avg | 18.2 |
| Villagers / military | 27 / 1 |
Focus
⚔️ 39.4% · 🌾 60.6%
Fishing Ship ×3 · Unknown (2626) ×2 · Fire Galley ×1
Feudal
10:30
Castle
14:04
Imperial
—
| APM avg | 39.9 |
| APM peak | 77 |
| eAPM avg | 18.1 |
| Villagers / military | 31 / 1 |
Focus
⚔️ 39.9% · 🌾 60.1%
Monk ×1
Feudal
11:38
Castle
15:22
Imperial
—
| APM avg | 43.6 |
| APM peak | 77 |
| eAPM avg | 13.4 |
| Villagers / military | 31 / 0 |
Focus
⚔️ 16.1% · 🌾 83.9%
Feudal
12:12
Castle
—
Imperial
—
| APM avg | 33.1 |
| APM peak | 59 |
| eAPM avg | 16.3 |
| Villagers / military | 37 / 0 |
Focus
⚔️ 26.2% · 🌾 73.8%
Fishing Ship ×7 · Unknown (2626) ×2
Feudal
10:06
Castle
—
Imperial
—
| APM avg | 43.7 |
| APM peak | 69 |
| eAPM avg | 12.3 |
| Villagers / military | 45 / 7 |
Focus
⚔️ 27.2% · 🌾 72.8%
Scout Cavalry ×6 · Spearman ×1
Feudal
11:13
Castle
14:59
Imperial
—
| APM avg | 36.8 |
| APM peak | 81 |
| eAPM avg | 12.5 |
| Villagers / military | 45 / 2 |
Focus
⚔️ 22.2% · 🌾 77.8%
Spearman ×2
Feudal
8:58
Castle
—
Imperial
—
| APM avg | 61.3 |
| APM peak | 96 |
| eAPM avg | 17.4 |
| Villagers / military | 56 / 6 |
Focus
⚔️ 23.0% · 🌾 77.0%
Scout Cavalry ×6
Feudal
9:55
Castle
—
Imperial
—
| APM avg | 59.5 |
| APM peak | 84 |
| eAPM avg | 17.8 |
| Villagers / military | 42 / 7 |
Focus
⚔️ 31.5% · 🌾 68.5%
Scout Cavalry ×4 · Spearman ×3
Match map
Initial resources + every placement click. Lines = walls · curves = elevation contours. ◆ gold · ⬟ stone · ● berries · ✦ relic · ◌ wall gap
Your base· ✓ Map-separated
Xun's base· ✓ Map-separated
TdB.victor2.01's base· ✓ Map-separated
AticAtac's base· ✓ Map-separated
Flowren's base· ✓ Map-separated
Sköll's base· ✓ Map-separated
samll Kitchen knife's base· ✓ Map-separated
Hameed's base· ✓ Map-separated
Smoothed initial terrain · ◌ = detected wall gap · hover for details
Inputs per minute
— Louchosse - - Xun
Build order — Louchosse
64 actions detected in the replay
| 0:01 | Create | Villager (Male) |
| 0:02 | Create | Villager (Male) |
| 0:02 | Create | Villager (Male) |
| 0:02 | Create | Villager (Male) |
| 0:03 | Build | House |
| 0:05 | Build | House |
| 1:37 | Create | Villager (Male) |
| 1:49 | Create | Villager (Male) |
| 1:49 | Create | Villager (Male) |
| 2:00 | Build | Lumber Camp |
| 2:05 | Create | Villager (Male) |
| 2:36 | Create | Villager (Male) |
| 3:13 | Create | Villager (Male) |
| 3:26 | Build | House |
| 3:27 | Build | House |
| 3:41 | Create | Villager (Male) |
| 3:41 | Create | Villager (Male) |
| 3:56 | Create | Villager (Male) |
| 3:56 | Create | Villager (Male) |
| 4:31 | Build | Mill |
| 4:33 | Create | Villager (Male) |
| 5:05 | Create | Villager (Male) |
| 5:12 | Create | Villager (Male) |
| 5:32 | Create | Villager (Male) |
| 5:50 | Create | Villager (Male) |
| 5:51 | Create | Villager (Male) |
| 6:09 | Build | Dock |
| 6:22 | Create | Villager (Male) |
| 6:40 | Create | Villager (Male) |
| 6:50 | Create | Fishing Ship |
| 7:04 | Create | Villager (Male) |
| 7:13 | Build | House |
| 7:18 | Build | Palisade Wall |
| 7:33 | Create | Villager (Male) |
| 7:45 | Create | Fishing Ship |
| 8:23 | Build | Palisade Gate |
| 8:30 | Create | Villager (Male) |
| 8:37 | Research | Loom |
| 9:01 | Build | Mining Camp |
| 9:15 | Build | Palisade Wall |
| 9:20 | Research | Feudal Age |
| 9:40 | Create | Fishing Ship |
| 10:10 | Build | House |
| 10:15 | Build | Palisade Wall |
| 10:18 | Build | Palisade Wall |
| 10:32 | Create | Villager (Male) |
| 10:46 | Create | Villager (Male) |
| 10:53 | Build | House |
| 11:04 | Build | Palisade Wall |
| 11:50 | Age | Feudal Age |
| 11:54 | Build | Blacksmith |
| 12:00 | Build | Market |
| 12:36 | Create | Fire Galley |
| 12:45 | Research | Castle Age |
| 12:45 | Research | Castle Age |
| 12:55 | Build | Lumber Camp |
| 13:18 | Research | Double-Bit Axe |
| 13:34 | Create | Unit 2626 |
| 13:52 | Build | Gate |
| 13:53 | Build | House |
| 14:01 | Build | Mining Camp |
| 14:10 | Build | House |
| 14:12 | Build | House |
| 14:27 | Create | Unit 2626 |
Build order — Xun
64 actions detected in the replay
| 0:00 | Create | Villager (Male) |
| 0:01 | Create | Villager (Male) |
| 0:01 | Create | Villager (Male) |
| 0:02 | Build | House |
| 0:03 | Build | House |
| 0:10 | Create | Villager (Male) |
| 1:34 | Create | Villager (Male) |
| 1:58 | Create | Villager (Male) |
| 2:02 | Create | Villager (Male) |
| 2:44 | Create | Villager (Male) |
| 3:06 | Create | Villager (Male) |
| 3:08 | Create | Villager (Male) |
| 3:44 | Build | House |
| 3:49 | Create | Villager (Male) |
| 4:22 | Create | Villager (Male) |
| 4:40 | Create | Villager (Male) |
| 4:48 | Create | Villager (Male) |
| 5:33 | Create | Villager (Male) |
| 5:54 | Build | House |
| 5:58 | Build | House |
| 5:59 | Build | Mill |
| 6:02 | Create | Villager (Male) |
| 6:14 | Create | Villager (Male) |
| 6:53 | Create | Villager (Male) |
| 7:20 | Create | Villager (Male) |
| 7:21 | Research | Loom |
| 7:58 | Research | Feudal Age |
| 8:28 | Create | Villager (Male) |
| 8:28 | Create | Villager (Male) |
| 9:33 | Build | Mill |
| 10:30 | Age | Feudal Age |
| 10:32 | Build | Market |
| 10:35 | Build | Blacksmith |
| 11:01 | Research | Double-Bit Axe |
| 11:24 | Research | Castle Age |
| 11:24 | Research | Castle Age |
| 11:41 | Research | Horse Collar |
| 11:50 | Build | Farm |
| 11:53 | Build | Farm |
| 12:21 | Build | Farm |
| 12:24 | Build | Farm |
| 12:35 | Create | Villager (Male) |
| 13:13 | Build | House |
| 14:04 | Age | Castle Age |
| 14:05 | Build | Town Center |
| 14:10 | Build | Monastery |
| 14:14 | Create | Villager (Male) |
| 14:21 | Build | Palisade Wall |
| 14:24 | Build | Palisade Wall |
| 14:27 | Build | Farm |
| 14:28 | Create | Villager (Male) |
| 14:34 | Create | Villager (Male) |
| 14:37 | Build | Farm |
| 14:38 | Build | Farm |
| 14:58 | Create | Villager (Male) |
| 15:00 | Create | Villager (Male) |
| 15:03 | Create | Villager (Male) |
| 15:16 | Create | Villager (Male) |
| 15:20 | Build | Farm |
| 15:21 | Build | Farm |
| 15:32 | Create | Villager (Male) |
| 15:33 | Create | Villager (Male) |
| 15:38 | Build | Farm |
| 15:45 | Create | Monk |
Build order — TdB.victor2.01
72 actions detected in the replay
| 0:01 | Create | Villager (Male) |
| 0:01 | Create | Villager (Male) |
| 0:02 | Create | Villager (Male) |
| 0:02 | Create | Villager (Male) |
| 0:03 | Build | House |
| 0:05 | Build | House |
| 1:29 | Create | Villager (Male) |
| 1:57 | Create | Villager (Male) |
| 1:57 | Create | Villager (Male) |
| 2:16 | Build | Lumber Camp |
| 2:25 | Create | Villager (Male) |
| 2:57 | Create | Villager (Male) |
| 3:14 | Create | Villager (Male) |
| 3:45 | Create | Villager (Male) |
| 3:45 | Create | Villager (Male) |
| 3:56 | Build | House |
| 4:15 | Create | Villager (Male) |
| 4:15 | Create | Villager (Male) |
| 4:19 | Create | Villager (Male) |
| 5:10 | Build | Mill |
| 5:18 | Create | Villager (Male) |
| 5:19 | Create | Villager (Male) |
| 5:19 | Create | Villager (Male) |
| 5:50 | Build | House |
| 6:02 | Create | Villager (Male) |
| 6:03 | Create | Villager (Male) |
| 6:03 | Create | Villager (Male) |
| 6:03 | Create | Villager (Male) |
| 6:30 | Create | Villager (Male) |
| 6:31 | Create | Villager (Male) |
| 6:31 | Create | Villager (Male) |
| 6:59 | Create | Villager (Male) |
| 7:08 | Create | Villager (Male) |
| 7:08 | Create | Villager (Male) |
| 8:41 | Build | Mining Camp |
| 8:44 | Research | Loom |
| 8:56 | Research | Feudal Age |
| 9:17 | Build | Palisade Wall |
| 9:19 | Build | Palisade Wall |
| 9:19 | Build | Palisade Wall |
| 10:16 | Build | Barracks |
| 10:57 | Create | Villager (Male) |
| 10:57 | Create | Villager (Male) |
| 11:14 | Build | House |
| 11:38 | Age | Feudal Age |
| 11:43 | Build | Stable |
| 11:57 | Build | Blacksmith |
| 12:08 | Create | Villager (Male) |
| 12:21 | Build | Palisade Wall |
| 12:22 | Build | Palisade Wall |
| 12:23 | Build | Palisade Wall |
| 12:42 | Research | Castle Age |
| 12:43 | Research | Castle Age |
| 12:54 | Build | Farm |
| 13:41 | Research | Horse Collar |
| 13:42 | Research | Horse Collar |
| 14:13 | Build | Palisade Wall |
| 14:23 | Build | Farm |
| 14:23 | Build | Farm |
| 14:23 | Build | Farm |
| 14:23 | Build | Farm |
| 14:24 | Build | Farm |
| 14:24 | Build | Farm |
| 14:24 | Build | Farm |
| 15:19 | Build | Palisade Wall |
| 15:20 | Build | Palisade Wall |
| 15:22 | Age | Castle Age |
| 15:25 | Build | Palisade Wall |
| 15:26 | Build | Palisade Wall |
| 15:27 | Build | Palisade Wall |
| 15:38 | Build | Farm |
| 15:39 | Build | Farm |
Build order — AticAtac
84 actions detected in the replay
| 0:01 | Create | Villager (Male) |
| 0:01 | Create | Villager (Male) |
| 0:02 | Build | House |
| 0:03 | Build | House |
| 0:12 | Create | Villager (Male) |
| 0:13 | Create | Villager (Male) |
| 1:29 | Create | Villager (Male) |
| 1:30 | Create | Villager (Male) |
| 1:57 | Build | Lumber Camp |
| 1:59 | Create | Villager (Male) |
| 1:59 | Create | Villager (Male) |
| 2:18 | Create | Villager (Male) |
| 2:50 | Create | Villager (Male) |
| 2:51 | Create | Villager (Male) |
| 2:53 | Create | Villager (Male) |
| 2:53 | Create | Villager (Male) |
| 3:35 | Create | Villager (Male) |
| 3:35 | Create | Villager (Male) |
| 3:36 | Build | House |
| 4:00 | Create | Villager (Male) |
| 4:00 | Create | Villager (Male) |
| 4:38 | Create | Villager (Male) |
| 4:38 | Create | Villager (Male) |
| 4:49 | Build | Dock |
| 5:12 | Build | House |
| 5:13 | Create | Villager (Male) |
| 5:28 | Build | Palisade Wall |
| 5:29 | Build | Palisade Wall |
| 5:47 | Create | Villager (Male) |
| 5:57 | Create | Fishing Ship |
| 6:16 | Create | Fishing Ship |
| 6:20 | Create | Villager (Male) |
| 6:20 | Create | Villager (Male) |
| 6:20 | Create | Villager (Male) |
| 6:49 | Create | Villager (Male) |
| 6:49 | Create | Villager (Male) |
| 6:57 | Create | Villager (Male) |
| 6:57 | Create | Villager (Male) |
| 7:00 | Create | Fishing Ship |
| 7:01 | Create | Fishing Ship |
| 7:25 | Build | House |
| 7:54 | Build | Dock |
| 8:04 | Build | House |
| 8:17 | Build | Mill |
| 8:21 | Create | Villager (Male) |
| 8:24 | Create | Villager (Male) |
| 8:42 | Create | Fishing Ship |
| 8:42 | Create | Fishing Ship |
| 8:50 | Build | Palisade Wall |
| 9:07 | Create | Fishing Ship |
| 9:12 | Create | Villager (Male) |
| 9:17 | Research | Loom |
| 9:37 | Build | Farm |
| 9:39 | Build | Farm |
| 10:00 | Research | Feudal Age |
| 10:05 | Build | Mining Camp |
| 10:09 | Create | Villager (Male) |
| 11:09 | Create | Villager (Male) |
| 11:38 | Build | House |
| 12:12 | Age | Feudal Age |
| 12:15 | Build | Market |
| 12:17 | Build | Blacksmith |
| 12:20 | Research | Double-Bit Axe |
| 12:26 | Create | Villager (Male) |
| 13:24 | Research | Castle Age |
| 13:41 | Create | Villager (Male) |
| 13:44 | Build | Mining Camp |
| 13:54 | Build | House |
| 13:59 | Build | Palisade Wall |
| 14:00 | Build | Palisade Wall |
| 14:05 | Build | Palisade Wall |
| 14:07 | Build | Palisade Wall |
| 14:09 | Build | Palisade Wall |
| 14:19 | Build | Palisade Wall |
| 14:22 | Build | Palisade Wall |
| 14:23 | Build | House |
| 14:24 | Build | Palisade Wall |
| 14:39 | Research | Gold Mining |
| 14:52 | Build | Farm |
| 14:53 | Build | Farm |
| 15:18 | Create | Villager (Male) |
| 15:36 | Create | Unit 2626 |
| 15:36 | Create | Unit 2626 |
| 15:40 | Create | Villager (Male) |
Build order — Flowren
88 actions detected in the replay
| 0:01 | Create | Villager (Male) ×4 |
| 0:01 | Create | Villager (Male) |
| 0:03 | Build | House |
| 0:04 | Build | House |
| 1:27 | Create | Villager (Male) |
| 1:27 | Create | Villager (Male) |
| 1:45 | Build | Lumber Camp |
| 1:49 | Create | Villager (Male) |
| 2:17 | Create | Villager (Male) |
| 2:34 | Create | Villager (Male) |
| 2:35 | Create | Villager (Male) |
| 2:46 | Build | House |
| 2:47 | Build | House |
| 3:07 | Create | Villager (Male) |
| 3:08 | Create | Villager (Male) ×2 |
| 3:08 | Create | Villager (Male) ×2 |
| 3:24 | Create | Villager (Male) |
| 3:56 | Create | Villager (Male) |
| 3:57 | Create | Villager (Male) |
| 4:06 | Create | Villager (Male) |
| 4:22 | Create | Villager (Male) |
| 4:23 | Create | Villager (Male) |
| 4:38 | Build | Mill |
| 4:57 | Create | Villager (Male) |
| 5:09 | Research | Loom |
| 6:06 | Create | Villager (Male) |
| 6:06 | Create | Villager (Male) |
| 6:17 | Create | Villager (Male) ×4 |
| 7:12 | Research | Loom |
| 7:16 | Research | Feudal Age |
| 7:16 | Research | Feudal Age |
| 7:35 | Build | Barracks |
| 7:42 | Build | Palisade Wall |
| 8:40 | Build | House |
| 9:12 | Build | Palisade Wall |
| 9:14 | Create | Villager (Male) |
| 9:15 | Create | Villager (Male) |
| 9:36 | Build | Farm |
| 10:06 | Age | Feudal Age |
| 10:07 | Build | Stable |
| 10:09 | Build | Blacksmith |
| 10:11 | Research | Double-Bit Axe |
| 10:23 | Build | Farm |
| 10:23 | Build | Farm |
| 10:49 | Build | Farm |
| 10:50 | Build | Farm |
| 10:54 | Create | Villager (Male) |
| 10:58 | Create | Scout Cavalry |
| 10:58 | Create | Scout Cavalry |
| 11:05 | Create | Villager (Male) ×4 |
| 11:12 | Build | House |
| 11:14 | Build | Palisade Wall |
| 11:24 | Build | Farm |
| 11:25 | Build | Farm |
| 11:29 | Build | House |
| 11:43 | Create | Scout Cavalry |
| 11:52 | Research | Forging |
| 11:55 | Build | Farm |
| 12:08 | Build | Farm |
| 12:27 | Create | Villager (Male) ×2 |
| 12:29 | Build | Farm |
| 12:32 | Build | House |
| 12:33 | Build | House |
| 12:34 | Build | House |
| 13:03 | Create | Scout Cavalry |
| 13:12 | Research | Horse Collar |
| 13:29 | Create | Villager (Male) |
| 13:46 | Create | Villager (Male) |
| 13:50 | Build | Farm |
| 13:51 | Build | Farm |
| 13:51 | Build | Farm |
| 13:52 | Build | Mill |
| 14:09 | Create | Spearman |
| 14:14 | Build | Farm |
| 14:19 | Create | Scout Cavalry |
| 14:35 | Build | House |
| 14:36 | Build | House |
| 14:37 | Create | Villager (Male) |
| 14:41 | Build | Farm |
| 14:54 | Create | Villager (Male) |
| 14:57 | Build | Farm |
| 15:05 | Create | Villager (Male) |
| 15:07 | Build | Farm |
| 15:25 | Build | Farm |
| 15:25 | Build | Farm |
| 15:30 | Create | Villager (Male) ×2 |
| 15:37 | Build | Farm |
| 15:40 | Create | Scout Cavalry |
Build order — Sköll
75 actions detected in the replay
| 0:01 | Create | Villager (Male) |
| 0:02 | Build | House |
| 0:03 | Build | House |
| 0:07 | Create | Villager (Male) |
| 0:11 | Create | Villager (Male) |
| 0:12 | Create | Villager (Male) |
| 1:27 | Create | Villager (Male) |
| 1:27 | Create | Villager (Male) |
| 2:04 | Create | Villager (Male) |
| 2:05 | Create | Villager (Male) |
| 2:05 | Create | Villager (Male) |
| 2:39 | Create | Villager (Male) |
| 2:39 | Create | Villager (Male) |
| 2:51 | Build | Lumber Camp |
| 2:53 | Create | Villager (Male) |
| 2:53 | Create | Villager (Male) |
| 3:32 | Create | Villager (Male) |
| 3:32 | Create | Villager (Male) |
| 3:33 | Create | Villager (Male) |
| 3:42 | Build | House |
| 3:53 | Create | Villager (Male) |
| 4:33 | Build | House |
| 4:45 | Create | Villager (Male) |
| 4:46 | Create | Villager (Male) |
| 5:16 | Create | Villager (Male) |
| 5:58 | Create | Villager (Male) |
| 6:00 | Create | Villager (Male) |
| 6:00 | Create | Villager (Male) |
| 6:07 | Build | Mill |
| 6:26 | Create | Villager (Male) |
| 6:26 | Create | Villager (Male) |
| 6:39 | Create | Villager (Male) |
| 6:39 | Create | Villager (Male) |
| 6:52 | Create | Villager (Male) |
| 6:52 | Create | Villager (Male) |
| 7:17 | Create | Villager (Male) |
| 7:20 | Create | Villager (Male) |
| 7:21 | Create | Villager (Male) |
| 7:36 | Create | Villager (Male) |
| 7:45 | Create | Villager (Male) |
| 7:45 | Create | Villager (Male) |
| 7:45 | Create | Villager (Male) |
| 7:46 | Build | House |
| 8:56 | Build | Farm |
| 9:00 | Build | Farm |
| 9:03 | Research | Feudal Age |
| 10:29 | Build | Farm |
| 10:59 | Create | Villager (Male) |
| 11:13 | Age | Feudal Age |
| 11:17 | Create | Villager (Male) |
| 11:21 | Create | Villager (Male) |
| 11:25 | Build | Market |
| 11:33 | Build | Blacksmith |
| 11:37 | Create | Villager (Male) |
| 12:14 | Research | Horse Collar |
| 12:19 | Research | Castle Age |
| 12:20 | Research | Castle Age |
| 12:51 | Build | Farm |
| 12:52 | Build | Farm |
| 13:16 | Build | Barracks |
| 13:22 | Build | Farm |
| 13:23 | Build | Farm |
| 14:01 | Create | Spearman |
| 14:18 | Create | Spearman |
| 14:49 | Research | Double-Bit Axe |
| 14:59 | Age | Castle Age |
| 15:05 | Build | Town Center |
| 15:10 | Create | Villager (Male) |
| 15:14 | Build | Town Center |
| 15:20 | Create | Villager (Male) |
| 15:24 | Create | Villager (Male) |
| 15:30 | Research | Bow Saw |
| 15:31 | Research | Bow Saw |
| 15:31 | Create | Villager (Male) |
| 15:33 | Create | Villager (Male) |
Build order — samll Kitchen knife
105 actions detected in the replay
| 0:02 | Create | Villager (Male) |
| 0:02 | Create | Villager (Male) |
| 0:03 | Build | House |
| 0:04 | Build | House |
| 0:39 | Create | Villager (Male) |
| 0:39 | Create | Villager (Male) |
| 0:39 | Create | Villager (Male) |
| 0:39 | Create | Villager (Male) |
| 1:19 | Create | Villager (Male) |
| 1:19 | Create | Villager (Male) |
| 1:19 | Create | Villager (Male) |
| 1:35 | Create | Villager (Male) |
| 1:36 | Create | Villager (Male) |
| 1:55 | Create | Villager (Male) |
| 1:56 | Create | Villager (Male) |
| 1:56 | Create | Villager (Male) |
| 2:29 | Create | Villager (Male) |
| 2:29 | Create | Villager (Male) |
| 2:29 | Create | Villager (Male) |
| 2:55 | Create | Villager (Male) |
| 2:55 | Create | Villager (Male) |
| 2:55 | Create | Villager (Male) |
| 3:04 | Create | Villager (Male) |
| 3:04 | Create | Villager (Male) |
| 3:39 | Create | Villager (Male) |
| 3:39 | Create | Villager (Male) |
| 3:40 | Create | Villager (Male) |
| 3:50 | Build | Lumber Camp |
| 3:55 | Build | House |
| 4:37 | Create | Villager (Male) |
| 4:37 | Create | Villager (Male) |
| 4:37 | Create | Villager (Male) |
| 4:37 | Create | Villager (Male) |
| 4:40 | Create | Villager (Male) |
| 4:40 | Create | Villager (Male) |
| 5:24 | Create | Villager (Male) |
| 5:24 | Create | Villager (Male) |
| 5:24 | Create | Villager (Male) |
| 5:25 | Create | Villager (Male) |
| 5:40 | Build | Mill |
| 5:58 | Research | Loom |
| 6:48 | Research | Feudal Age |
| 6:48 | Research | Feudal Age |
| 7:33 | Build | Barracks |
| 7:36 | Create | Villager (Male) |
| 7:58 | Build | House |
| 8:58 | Age | Feudal Age |
| 9:00 | Build | Stable |
| 9:04 | Build | House |
| 9:15 | Research | Double-Bit Axe |
| 9:21 | Create | Villager (Male) |
| 9:32 | Create | Villager (Male) |
| 9:37 | Build | House |
| 9:41 | Create | Scout Cavalry |
| 9:41 | Create | Scout Cavalry |
| 9:50 | Research | Horse Collar |
| 9:50 | Research | Horse Collar |
| 10:06 | Create | Villager (Male) |
| 10:17 | Build | Farm |
| 10:18 | Create | Villager (Male) |
| 10:33 | Create | Villager (Male) |
| 10:35 | Create | Scout Cavalry |
| 10:36 | Create | Scout Cavalry |
| 10:45 | Create | Villager (Male) |
| 10:47 | Build | Farm |
| 10:50 | Build | Farm |
| 11:03 | Create | Scout Cavalry |
| 11:11 | Build | House |
| 11:13 | Create | Villager (Male) |
| 11:24 | Create | Villager (Male) |
| 11:24 | Create | Villager (Male) |
| 11:28 | Build | Farm |
| 11:30 | Create | Villager (Male) |
| 11:45 | Create | Villager (Male) |
| 11:47 | Build | Farm |
| 11:51 | Build | Farm |
| 11:55 | Build | House |
| 12:15 | Create | Villager (Male) |
| 12:16 | Build | Farm |
| 12:19 | Create | Villager (Male) |
| 12:25 | Build | House |
| 12:26 | Create | Villager (Male) |
| 12:33 | Create | Villager (Male) |
| 12:35 | Create | Scout Cavalry |
| 12:48 | Build | Farm |
| 13:22 | Research | Bloodlines |
| 13:22 | Research | Bloodlines |
| 13:25 | Build | Blacksmith |
| 13:32 | Create | Villager (Male) |
| 13:38 | Build | Farm |
| 13:59 | Create | Villager (Male) |
| 14:02 | Build | House |
| 14:11 | Research | Forging |
| 14:11 | Research | Forging |
| 14:29 | Create | Villager (Male) |
| 14:35 | Build | Mining Camp |
| 14:40 | Build | Farm |
| 15:03 | Create | Villager (Male) |
| 15:04 | Create | Villager (Male) |
| 15:07 | Build | Farm |
| 15:08 | Build | Farm |
| 15:14 | Build | House |
| 15:24 | Build | Farm |
| 15:32 | Build | Farm |
| 15:41 | Build | Farm |
Build order — Hameed
86 actions detected in the replay
| 0:00 | Create | Villager (Male) |
| 0:01 | Create | Villager (Male) |
| 0:02 | Build | House |
| 0:03 | Build | House |
| 0:08 | Create | Villager (Male) |
| 0:09 | Create | Villager (Male) |
| 1:31 | Create | Villager (Male) |
| 1:32 | Create | Villager (Male) |
| 1:54 | Create | Villager (Male) |
| 2:00 | Build | Lumber Camp |
| 2:24 | Create | Villager (Male) |
| 2:24 | Create | Villager (Male) |
| 2:24 | Create | Villager (Male) |
| 2:54 | Create | Villager (Male) |
| 2:54 | Create | Villager (Male) |
| 2:56 | Create | Villager (Male) |
| 2:56 | Create | Villager (Male) |
| 2:56 | Create | Villager (Male) |
| 3:36 | Create | Villager (Male) |
| 3:42 | Build | House |
| 4:08 | Create | Villager (Male) |
| 4:09 | Create | Villager (Male) |
| 4:22 | Create | Villager (Male) |
| 4:23 | Create | Villager (Male) |
| 4:23 | Create | Villager (Male) |
| 4:49 | Create | Villager (Male) |
| 4:49 | Create | Villager (Male) |
| 5:18 | Create | Villager (Male) |
| 5:18 | Create | Villager (Male) |
| 5:32 | Create | Villager (Male) |
| 5:32 | Create | Villager (Male) |
| 6:24 | Create | Villager (Male) |
| 6:43 | Research | Loom |
| 7:15 | Build | House |
| 7:18 | Create | Villager (Male) |
| 7:25 | Build | Mill |
| 7:45 | Research | Feudal Age |
| 8:07 | Build | Lumber Camp |
| 9:04 | Build | Barracks |
| 9:42 | Create | Villager (Male) |
| 9:55 | Age | Feudal Age |
| 9:58 | Build | Stable |
| 10:01 | Research | Double-Bit Axe |
| 10:16 | Create | Villager (Male) |
| 10:28 | Research | Horse Collar |
| 10:28 | Research | Horse Collar |
| 10:39 | Create | Villager (Male) |
| 10:42 | Build | House |
| 10:45 | Create | Scout Cavalry |
| 10:50 | Create | Spearman |
| 10:54 | Build | House |
| 10:58 | Build | Farm |
| 11:00 | Create | Scout Cavalry |
| 11:08 | Build | Farm |
| 11:12 | Create | Villager (Male) |
| 11:30 | Create | Villager (Male) |
| 11:32 | Build | House |
| 11:44 | Create | Scout Cavalry |
| 11:48 | Build | Farm |
| 11:52 | Build | Farm |
| 11:53 | Build | Farm |
| 11:55 | Build | Farm |
| 11:59 | Create | Scout Cavalry |
| 12:06 | Build | Farm |
| 12:13 | Build | Farm |
| 12:15 | Create | Villager (Male) |
| 12:15 | Create | Villager (Male) |
| 12:32 | Build | House |
| 12:38 | Create | Villager (Male) |
| 12:40 | Build | Farm |
| 12:48 | Build | Farm |
| 13:07 | Create | Villager (Male) |
| 13:08 | Create | Spearman |
| 13:11 | Build | House |
| 13:36 | Create | Villager (Male) |
| 13:39 | Create | Spearman |
| 13:43 | Build | House |
| 13:48 | Build | Farm |
| 13:49 | Build | Farm |
| 13:57 | Build | Blacksmith |
| 14:04 | Create | Villager (Male) |
| 14:14 | Build | Farm |
| 14:27 | Create | Villager (Male) |
| 14:49 | Build | Farm |
| 14:57 | Create | Villager (Male) |
| 15:00 | Build | Mining Camp |
Match timeline
| 4:49 | AticAtac · first_building Dock |
| 5:28 | AticAtac · wall_segment Palisade Wall x1 |
| 5:29 | AticAtac · wall_segment Palisade Wall x1 |
| 6:09 | Louchosse · first_building Dock |
| 7:18 | Louchosse · wall_segment Palisade Wall x5 |
| 7:33 | samll Kitchen knife · first_building Barracks |
| 7:35 | Flowren · first_building Barracks |
| 7:42 | Flowren · wall_segment Palisade Wall x4 |
| 8:50 | AticAtac · wall_segment Palisade Wall x1 |
| 8:58 | samll Kitchen knife · age_up feudal |
| 9:00 | samll Kitchen knife · first_building Stable |
| 9:04 | Hameed · first_building Barracks |
| 9:12 | Flowren · wall_segment Palisade Wall x5 |
| 9:15 | Louchosse · wall_segment Palisade Wall x8 |
| 9:17 | TdB.victor2.01 · wall_segment Palisade Wall x1 |
| 9:19 | TdB.victor2.01 · wall_segment Palisade Wall x1 |
| 9:19 | TdB.victor2.01 · wall_segment Palisade Wall x1 |
| 9:55 | Hameed · age_up feudal |
| 9:58 | Hameed · first_building Stable |
| 10:06 | Flowren · age_up feudal |
| 10:07 | Flowren · first_building Stable |
| 10:15 | Louchosse · wall_segment Palisade Wall x6 |
| 10:16 | TdB.victor2.01 · first_building Barracks |
| 10:18 | Louchosse · wall_segment Palisade Wall x5 |
| 10:30 | Xun · age_up feudal |
| 11:04 | Louchosse · wall_segment Palisade Wall x1 |
| 11:13 | Sköll · age_up feudal |
| 11:14 | Flowren · wall_segment Palisade Wall x1 |
| 11:38 | TdB.victor2.01 · age_up feudal |
| 11:43 | TdB.victor2.01 · first_building Stable |
| 11:50 | Louchosse · age_up feudal |
| 12:12 | AticAtac · age_up feudal |
| 12:21 | TdB.victor2.01 · wall_segment Palisade Wall x1 |
| 12:22 | TdB.victor2.01 · wall_segment Palisade Wall x4 |
| 12:23 | TdB.victor2.01 · wall_segment Palisade Wall x1 |
| 13:16 | Sköll · first_building Barracks |
| 13:18 | AticAtac · first_market_sell 100 wood |
| 13:22 | AticAtac · first_market_buy 100 food |
| 13:59 | AticAtac · wall_segment Palisade Wall x1 |
| 14:00 | AticAtac · wall_segment Palisade Wall x2 |
| 14:04 | Xun · age_up castle |
| 14:05 | AticAtac · wall_segment Palisade Wall x4 |
| 14:07 | AticAtac · wall_segment Palisade Wall x1 |
| 14:09 | AticAtac · wall_segment Palisade Wall x6 |
| 14:10 | Xun · first_building Monastery |
| 14:13 | TdB.victor2.01 · wall_segment Palisade Wall x1 |
| 14:19 | AticAtac · wall_segment Palisade Wall x1 |
| 14:21 | Xun · wall_segment Palisade Wall x1 |
| 14:22 | AticAtac · wall_segment Palisade Wall x2 |
| 14:24 | AticAtac · wall_segment Palisade Wall x5 |
| 14:24 | Xun · wall_segment Palisade Wall x1 |
| 14:59 | Louchosse · resign |
| 14:59 | Sköll · age_up castle |
| 15:19 | TdB.victor2.01 · wall_segment Palisade Wall x1 |
| 15:20 | TdB.victor2.01 · wall_segment Palisade Wall x1 |
| 15:22 | TdB.victor2.01 · age_up castle |
| 15:25 | TdB.victor2.01 · wall_segment Palisade Wall x1 |
| 15:26 | TdB.victor2.01 · wall_segment Palisade Wall x1 |
| 15:27 | TdB.victor2.01 · wall_segment Palisade Wall x1 |
[ AI ANALYSIS · 1 CREDIT ]
What really happened in this match?
Wolo.gg analyzes every decision: build order, eco, micro, common mistakes by bracket. Personalized analysis on WhatsApp or Discord in 30 seconds.
Civ guide
Bohemians
Perfil
Jugador #1070921